 Dungeon Crawl Stone Soup version 0.24.1-14-gf8d2b509d9 (webtiles) character file.

Game seed: 4073698586307225645, levelgen mode: deterministic

10815 jwi the Spear-Bearer (level 11, -1/100 HPs)
             Began as a Naga Fighter on July 3, 2020.
             Was a Believer of Fedhas.
             Slain by a minotaur
             ... wielding a +6 long sword of slicing
              (10 damage)
             ... in a Gauntlet.
             The game lasted 00:40:31 (14295 turns).

jwi the Spear-Bearer (Naga Fighter)                Turns: 14295, Time: 00:40:32

Health: -1/100     AC: 20    Str: 25    XL:     11   Next: 68%
Magic:  13/16      EV:  3    Int: 11    God:    Fedhas [**....]
Gold:   335        SH: 12    Dex:  6    Spells: 10/10 levels left

rFire    . . .     SeeInvis +   a - +3 trident
rCold    . . .     Gourm    .   q - +2 shield
rNeg     . . .     Faith    .   t - +0 chain mail (curse)
rPois    +         Spirit   .   (no helmet)
rElec    .         Reflect  .   h - +0 cloak
rCorr    .         Harm     .   (no gloves)
MR       ++...     NoTele   +   b - +1 naga barding {Fly}
Stlth    ..........             (no amulet)
HPRegen  0.26/turn              j - -5 ring of dexterity (curse)
MPRegen  0.15/turn              C - ring of Beogh's Regard {MR+ Str+4 Int+2 SInv}

@: flying, very slow
A: large, thin metallic scales 1, see invisible, deformed body, poison
resistance, slowness 2, slow metabolism 1, spit poison 1, subdued magic 1, AC +3
a: Spit Poison, Wall of Briars, Renounce Religion, Stop Flying


You were in a Gauntlet.
You worshipped Fedhas.
Fedhas was pleased with you.
You were not hungry.

You visited 2 branches of the dungeon, and saw 12 of its levels.
You also visited: Gauntlet.

You collected 604 gold pieces.
You spent 269 gold pieces at shops.

Inventory:

Hand Weapons
 a - a +3 trident (weapon)
 p - a +2 hand axe of chopping
Missiles
 m - 11 boomerangs
 v - 5 throwing nets
 z - 4 javelins (quivered)
 F - 8 boomerangs of dispersal
Armour
 b - a +1 naga barding of flying (worn)
 h - a +0 cloak (worn)
 i - the +0 pair of boots of Guf Xui {rN+, unknown}
   (You found it in a Gauntlet)

   It protects you from negative energy.
 q - a +2 shield (worn)
 t - a cursed +0 chain mail (worn)
 y - a +0 buckler of fire resistance
 E - a scarf of cloud immunity
Magical Staves
 w - an uncursed staff of death {unknown}
Jewellery
 d - a +1 ring of protection
 g - an uncursed ring of protection from fire
 j - a cursed -5 ring of dexterity (left hand)
 C - the ring of Beogh's Regard (right hand) {MR+ Str+4 Int+2 SInv}
   (You found it in a Gauntlet)

   [ring of protection from magic]

   It affects your strength (+4).
   It affects your intelligence (+2).
   It affects your resistance to hostile enchantments.
   It lets you see invisible.
 D - a +2 ring of evasion
Wands
 r - a wand of digging (5)
 x - a wand of enslavement (7)
 A - a wand of flame (7)
Scrolls
 l - 2 scrolls of teleportation
 B - 2 scrolls of blinking
 G - a scroll of noise
Potions
 e - a potion of magic
 k - 6 potions of curing
 n - 5 potions of brilliance
 o - a potion of ambrosia
 s - 2 potions of agility
 u - 2 potions of lignification
Comestibles
 f - 21 rations


   Skills:
 - Level 7.6 Fighting
 - Level 11.2 Polearms
 - Level 1.0 Throwing
 - Level 8.0 Armour
 - Level 0.2 Stealth
 - Level 5.3 Shields
 + Level 7.0 Invocations


You had 10 spell levels left.
You didn't know any spells.
Your spell library contained the following spells:

 Spells                   Type           Power        Failure   Level  Hunger
 Beastly Appendage        Tmut           #.....       99%         1    ##.....
 Magic Dart               Conj           #...         99%         1    ##.....
 Searing Ray              Conj           #.....       99%         2    ###....
 Sticks to Snakes         Tmut           #.......     99%         2    ###....
 Dazzling Spray           Conj/Hex       #.....       100%        3    ####...
 Spider Form              Tmut/Pois      #.........   100%        3    ####...
 Force Lance              Conj/Tloc      #.......     100%        4    #####..
 Fulminant Prism          Conj/Hex       #.........   100%        4    #####..
 Ice Form                 Ice/Tmut       #.......     100%        4    #####..
 Iskenderun's Mystic Bla  Conj           #.......     100%        4    #####..
 Blade Hands              Tmut           #.........   100%        5    ######.


Dungeon Overview and Level Annotations

Branches:
Dungeon (11/15)            Temple (1/1) D:6            Lair (0/6) D:10
Gauntlet (1/1)
    Orc: D:9-12

Altars:
Ashenzari
Cheibriados
Dithmenos
Elyvilon
Fedhas
Gozag
Hepliaklqana
Kikubaaqudgha
Makhleb
Nemelex Xobeh
Okawaru
Qazlal
Ru
Sif Muna
Trog
Uskayaw
Vehumet
Wu Jian
Xom
Yredelemnul
Zin
The Shining One

Shops:
D:6 *   D:7 [=(

Annotations:
D:6 exclusion: downstairs
D:9 exclusion: downstairs Gauntlet 8 transporters, 17 runed translucent doors


Innate Abilities, Weirdness & Mutations

You cannot wear boots.
Your serpentine skin is tough. (AC +3)
You have supernaturally acute eyesight. (SInv)
Armour fits poorly on your strangely shaped body.
Your system is resistant to poisons. (rPois)
You cover ground very slowly.
You have a slow metabolism.
You can spit poison.
You are partially covered in thin metallic scales. (AC +2)
Your spells are a little easier to cast, but a little less powerful.


Message History

The minotaur is moderately wounded.
Fedhas protects your plant from harm.
The minotaur hits your ballistomycete with a +6 long sword of slicing!
The minotaur gores your ballistomycete.
You see here a javelin.
Attack whom?
Press: ? - help, Dir - move target cursor, f/p - minotaur
Aim: a minotaur, wielding a +6 long sword of slicing, wearing a +0 chain mail and wearing the ring of Suspicion {rF+ Int+3} (moderately wounded, confused)
You reach to attack!
You hit the minotaur but do no damage.
The minotaur is moderately wounded.
Your ballistomycete spore explodes!
Attack whom?
Press: ? - help, Dir - move target cursor, f - you
Okay, then.
The minotaur seems less confused.
The minotaur hits you with a +6 long sword of slicing!!
* * * LOW HITPOINT WARNING * * *
x2 The minotaur gores you!
You die...
Fedhas appreciates your contribution to the ecosystem.

.##..#..###
..#.?#..#####
.##..#..#≈8≈#
©.#.©#..#...#### ##
.##."#..#.8.##.. .#
..#..#..#..(##.# .#
.##.t#..#.8....# .#
.....#..#...##P##.#
######..#...##..@.#
.......≈#.©.##(##H#
.......∩#.....(# .'.
.......≈#.©.##.# .#.#
######..#...##....#.#
.+...#..#...##.##.# #
.+...#..#.8....# .#
+##..#..#...##.# .#
..'..#..#.8.##..


You could see a minotaur and a friendly ballistomycete.

Vanquished Creatures
  A death ooze (Gauntlet)
  Erolcha (D:10)
  Harold (D:8)
  A two-headed ogre (D:9)
  A death yak (D:10)
  Joseph (D:7)
  A troll (D:9)
  A hornet (D:10)
  3 hippogriffs
  2 slime creatures (Gauntlet)
  A wraith (D:10)
  Grum (D:8)
  2 basilisks (D:10)
  Menkaure (D:7)
  A steam dragon (D:10)
  An orc warrior (D:6)
  6 ice beasts
  A necrophage (D:9)
  4 ogres
  3 wolves (D:8)
  4 centaurs
  2 crocodiles
  3 bullfrogs (D:9)
  A big kobold (D:8)
  2 wyvern zombies
  6 killer bees (D:8)
  7 howler monkeys
  7 crimson imps
  2 bullfrog zombies
  4 jellies
  2 quasits
  8 hounds
  7 orc priests
  2 bullfrog skeletons
  23 orc wizards
  2 iguanas
  Natasha (thrice) (D:4)
  7 worker ants
  A hound zombie (D:8)
  3 gnolls
  A howler monkey skeleton (D:4)
  8 adders
  4 shadow imps
  An adder skeleton (D:10)
  2 dart slugs
  11 leopard geckos
  57 orcs
  A ball python (D:2)
  8 giant cockroaches
  12 goblins
  9 hobgoblins
  6 quokkas
  4 bats
  10 frilled lizards
  A jackal skeleton (D:4)
  8 kobolds
  A leopard gecko skeleton (D:8)
  A leopard gecko zombie (D:8)
  2 quokka skeletons
  13 rats
290 creatures vanquished.

Vanquished Creatures (collateral kills)
  A wolf (D:8)
  A hound (D:6)
  An orc wizard (D:8)
  A worm (D:6)
  An orc (D:8)
  20 ballistomycete spores
25 creatures vanquished.

Vanquished Creatures (others)
  A worm (D:3)
  A ballistomycete spore (D:10)
  A plant (D:5)
3 creatures vanquished.

Grand Total: 318 creatures vanquished

Notes
Turn   | Place    | Note
-------+----------+-------------------------------------------
     0 | D:1      | jwi the Naga Fighter began the quest for the Orb.
     0 | D:1      | Reached XP level 1. HP: 21/21 MP: 1/1
    53 | D:1      | Reached XP level 2. HP: 28/28 MP: 2/2
   306 | D:1      | Reached XP level 3. HP: 30/34 MP: 3/3
  1098 | D:1      | Reached XP level 4. HP: 31/42 MP: 4/4
  1275 | D:2      | Reached skill level 3 in Polearms
  2101 | D:3      | Reached XP level 5. HP: 11/50 MP: 5/5
  2397 | D:3      | Found a faded altar of an unknown god.
  2584 | D:3      | Found a glowing golden altar of the Shining One.
  2666 | D:3      | Found a basalt altar of Yredelemnul.
  2708 | D:3      | Found a shattered altar of Ashenzari.
  2708 | D:3      | Found a bloodstained altar of Trog.
  2713 | D:3      | Found a faded altar of an unknown god.
  2715 | D:3      | Found a faded altar of an unknown god.
  2718 | D:3      | Found a burning altar of Makhleb.
  2895 | D:3      | Found a shimmering blue altar of Sif Muna.
  2926 | D:3      | Noticed an angel
  2939 | D:4      | Reached skill level 4 in Polearms
  2995 | D:4      | Reached XP level 6. HP: 57/57 MP: 6/6
  3185 | D:4      | Noticed Natasha
  3192 | D:4      | Killed Natasha
  3605 | D:4      | Reached XP level 7. HP: 64/64 MP: 7/7
  3620 | D:4      | Reached skill level 5 in Polearms
  3919 | D:4      | Noticed Natasha
  3926 | D:4      | Killed Natasha
  3928 | D:4      | Noticed Natasha
  3932 | D:4      | Killed Natasha
  3951 | D:4      | Found an ancient bone altar of Kikubaaqudgha.
  3978 | D:5      | Entered Level 5 of the Dungeon
  4154 | D:5      | Reached skill level 6 in Polearms
  4409 | D:5      | Reached XP level 8. HP: 57/73 MP: 8/8
  4881 | D:6      | Reached skill level 5 in Armour
  5062 | D:6      | Found a staircase to the Ecumenical Temple.
  5068 | Temple   | Entered the Ecumenical Temple
  5223 | Temple   | Became a worshipper of Fedhas Madash
  5580 | D:6      | Found Jagirghi's General Store.
  5595 | D:6      | Bought a +2 shield for 181 gold pieces
  5595 | D:6      | Bought a potion of mutation for 88 gold pieces
  5609 | D:6      | Gained mutation: Your body sometimes deteriorates upon
                  | taking damage. [potion of mutation]
  5609 | D:6      | Gained mutation: You are somewhat resistant to further
                  | mutation. [potion of mutation]
  5610 | D:6      | Lost mutation: Your body sometimes deteriorates upon taking
                  | damage. [potion of mutation]
  5610 | D:6      | Lost mutation: You are somewhat resistant to further
                  | mutation. [potion of mutation]
  5610 | D:6      | Gained mutation: Your spells are a little easier to cast,
                  | but a little less powerful. [potion of mutation]
  5610 | D:6      | Gained mutation: You are partially covered in thin metallic
                  | scales. (AC +2) [potion of mutation]
  5845 | D:6      | Reached skill level 5 in Fighting
  5856 | D:6      | Reached skill level 7 in Polearms
  6154 | D:6      | Identified a scroll of acquirement
  6735 | D:7      | Noticed Joseph
  6781 | D:7      | Killed Joseph
  6781 | D:7      | Reached XP level 9. HP: 39/81 MP: 9/9
  7227 | D:7      | Found Efatiush's Jewellery Emporium.
  7454 | D:7      | Reached skill level 8 in Polearms
  7663 | D:7      | Found a sacrificial altar of Ru.
  7680 | D:7      | Noticed Menkaure
  7687 | D:7      | Killed Menkaure
  7687 | D:7      | Reached * piety under Fedhas
  7694 | D:7      | Found Kyrr's Antique Weapon Emporium.
  8074 | D:7      | Found Wasuiv's Antique Armour Boutique.
  8753 | D:8      | Noticed Harold
  8773 | D:8      | Killed Harold
  8773 | D:8      | Reached skill level 9 in Polearms
  8773 | D:8      | Reached skill level 5 in Shields
  8773 | D:8      | Reached XP level 10. HP: 72/91 MP: 10/10
  8896 | D:8      | Reached ** piety under Fedhas
  9228 | D:8      | Noticed Grum
  9257 | D:8      | Killed Grum
  9257 | D:8      | Reached skill level 1 in Invocations
 10197 | D:9      | Found a glowing golden altar of the Shining One.
 10214 | D:9      | Identified the +3 leather armour of Hepliaklqana's Envy
                  | {rN+ Stlth+} (You found it on level 9 of the Dungeon)
 10488 | D:9      | Reached skill level 10 in Polearms
 10919 | D:9      | Reached *** piety under Fedhas
 11297 | D:9      | Noticed a two-headed ogre
 11308 | D:9      | Killed a two-headed ogre
 11794 | D:10     | Entered Level 10 of the Dungeon
 11794 | D:10     | Noticed Erolcha
 11867 | D:9      | Reached XP level 11. HP: 72/99 MP: 13/13
 11969 | D:10     | Noticed a death yak
 12005 | D:10     | Killed a death yak
 12032 | D:10     | Reached skill level 1 in Throwing
 12233 | D:10     | Found a staircase to the Lair.
 12302 | D:10     | Reached skill level 11 in Polearms
 12745 | D:10     | Killed Erolcha
 12745 | D:10     | Reached skill level 5 in Invocations
 13183 | D:11     | Found a gate leading to a gauntlet.
 13303 | Gauntlet | Entered a Gauntlet
 13303 | Gauntlet | Found a transporter.
 13303 | Gauntlet | Found a transporter.
 13303 | Gauntlet | Found a transporter.
 13413 | Gauntlet | Found a transporter.
 13415 | Gauntlet | Found a large runed translucent door.
 13416 | Gauntlet | Found a large runed translucent door.
 13416 | Gauntlet | Found a transporter.
 13417 | Gauntlet | Found a large runed translucent door.
 13417 | Gauntlet | Found a large runed translucent door.
 13417 | Gauntlet | Found a runed translucent door.
 13418 | Gauntlet | Found a large runed translucent door.
 13425 | Gauntlet | Found a transporter.
 13431 | Gauntlet | Found a transporter.
 13439 | Gauntlet | Found a large runed translucent door.
 13440 | Gauntlet | Found a large runed translucent door.
 13441 | Gauntlet | Found a large runed translucent door.
 13442 | Gauntlet | Found a runed translucent gate.
 13443 | Gauntlet | Noticed a fire crab
 13443 | Gauntlet | Noticed a death ooze
 13446 | Gauntlet | Found a transporter.
 13467 | Gauntlet | Found a transporter.
 13467 | Gauntlet | Noticed a queen ant
 13484 | Gauntlet | Found a transporter.
 13492 | Gauntlet | Found a transporter.
 13553 | Gauntlet | Found a large runed translucent door.
 13554 | Gauntlet | Found a large runed translucent door.
 13555 | Gauntlet | Found a large runed translucent door.
 13555 | Gauntlet | Found a large runed translucent door.
 13555 | Gauntlet | Found a runed translucent door.
 13556 | Gauntlet | Found a large runed translucent door.
 13557 | Gauntlet | Found a large runed translucent door.
 13558 | Gauntlet | Found a large runed translucent door.
 13558 | Gauntlet | Found a large runed translucent door.
 13559 | Gauntlet | Found a runed translucent gate.
 13559 | Gauntlet | Found a runed translucent gate.
 13561 | Gauntlet | Found a transporter.
 13788 | Gauntlet | Got a pair of spiked boots
 13793 | Gauntlet | Got a faintly glowing jade ring
 13806 | Gauntlet | Identified the ring of Beogh's Regard {MR+ Str+4 Int+2
                  | SInv} (You found it in a Gauntlet)
 13960 | Gauntlet | Killed a death ooze
 14279 | Gauntlet | Identified the ring of Suspicion {rF+ Int+3}
 14279 | Gauntlet | Noticed a minotaur
 14295 | Gauntlet | Slain by a minotaur

Levels and vault maps discovered:
D:1:      dpeg_arrival_radiant, layout_loops_ring
D:2:      layout_loops_ring, kennysheep_doodads, kennysheep_cross_room,
          chequers_serial_rivers_marsh
D:3:      layout_rooms, grunt_temple_overflow_holy_war,
          chequers_temple_overflow_minitemple,
          chequers_ecumenical_altar_simple_redux, led_sif_pool
D:4:      minmay_skewed_foursquare, layout_cave_pools, kennysheep_little_box,
          first_ration, uniq_natasha
D:5:      layout_rooms, serial_bayou_pond_c, minmay_lizard_king
D:6:      layout_layer_cave, minmay_temple_entry_overgrown, serial_shops,
          shop_coins, minivault_5
D:7:      layout_layer_cave, basic_altar, serial_shops, shop,
          nicolae_shop_stone, kennysheep_mini_moat, uniq_menkaure, uniq_joseph
D:8:      layout_loops_corners, uniq_harold, uniq_grum
D:9:      layout_layer_cave, basic_altar
D:10:     layout_cave_pools, david_lair_generic, uniq_erolcha
D:11:     kennysheep_blocky_room, layout_cave_pools, gauntlet_entry_generic,
          grunt_tengu_nest, kennysheep_small_spiral, cheibriados_altar_1
Temple:   regret_index_temple_sphere_string
Gauntlet: gammafunk_gauntlet_shortcut [gammafunk_gauntlet_arena_split_x,
          minmay_gauntlet_arena_make_your_own_arena,
          nicolae_gauntlet_arena_t_cross, gammafunk_gauntlet_arena_grid,
          nicolae_gauntlet_arena_blocks, gammafunk_gauntlet_arena_teeth,
          gauntlet_exit_watery]

Skill      XL: |  1  2  3  4  5  6  7  8  9 10 11 |
---------------+----------------------------------+-----
Armour         | 3 4 5 6 7 8 |  8.0
Polearms       | 3 4 6 7 9 10 11 | 11.2
Fighting       | 4 5 6 7 |  7.6
Shields        | 4 5 |  5.3
Invocations    | 3 7 |  7.0
Throwing       | 1 |  1.0
Stealth        | |  0.2

Action                   |  1- 3 |  4- 6 |  7- 9 | 10-12 || total
-------------------------+-------+-------+-------+-------++-------
Melee: Trident           |   136 |   218 |   536 |   557 ||  1447
Throw: Boomerang         |       |       |       |     2 ||     2
       Javelin           |       |       |       |     1 ||     1
Invok: Wall of Briars    |       |       |       |     3 ||     3
       Grow Ballistomyce |       |       |       |     6 ||     6
 Abil: Spit Poison       |     3 |    16 |    29 |    11 ||    59
  Use: Potion            |       |     2 |     4 |     2 ||     8
       Scroll            |       |     7 |    12 |     9 ||    28
 Stab: Distracted        |       |       |     1 |       ||     1
  Eat: Chunk             |       |     8 |    12 |    14 ||    34
       Ration            |       |       |     1 |     2 ||     3
Armor: Scale mail        |    56 |    80 |       |       ||   136
       Chain mail        |       |    38 |   231 |   275 ||   544
Dodge: Dodged            |    19 |    54 |    43 |    39 ||   155
Block: Shield            |    45 |   110 |   234 |   245 ||   634
